 Dungeon Crawl Stone Soup version 0.29.1-1-gd02db6906a (webtiles) character file.

Game seed: 1853845259080808406

812 quakins the Fighter (level 8, -1/108 HPs)
             Began as a Formicid Abyssal Knight on Oct 19, 2022.
             Was an Elder of Lugonu.
             Succumbed to a water moccasin's poison
             ... on level 5 of the Dungeon.
             The game lasted 00:18:32 (6209 turns).

quakins the Fighter (Formicid Abyssal Knight)       Turns: 6209, Time: 00:18:32

Health: -1/108     AC: 24    Str: 20    XL:     8   Next: 15%
Magic:  9/9        EV:  2    Int: 10    God:    Lugonu [****..]
Gold:   191        SH:  0    Dex: 14    Spells: 7/7 levels left

rFire   . . .      SeeInvis .   a - +1 mace
rCold   . . .      Faith    .   (no shield)
rNeg    . . .      Spirit   .   (body armour currently unavailable)
rPois   +          Reflect  .   (helmet unavailable)
rElec   .          Harm     .   (cloak currently unavailable)
rCorr   .          Rampage  .   (gloves currently unavailable)
Will    .....                   (boots currently unavailable)
Stlth   +.........              k - amulet of magic regeneration
HPRegen 0.28/turn               (no ring)
MPRegen 0.51/turn               (no ring)

@: lethally poisoned (-1 -> -5), tree-form
A: stationary, stasis, torment immunity, boosted hp, permanent stasis, dig
shafts and tunnels, (antennae 3), four strong arms, (camouflage 1), subdued
magic 1
a: Renounce Religion, Depart the Abyss, Bend Space, Banish, Corrupt


You were on level 5 of the Dungeon.
You worshipped Lugonu.
Lugonu was greatly pleased with you.
You were a tree.
You visited 1 branch of the dungeon, and saw 5 of its levels.
You visited the Abyss 1 time.

You collected 191 gold pieces.

Inventory:

Hand Weapons
 a - a +1 mace (weapon)
 q - the +9 sling of Cyfegul {venom, Will+ Dex+3}
   (You found it on level 5 of the Dungeon)

   Any ammunition fired from it poisons the flesh of those it strikes.
   Dex:       It affects your dexterity (+3).
   Will:      It increases your willpower.
Missiles
 n - 20 poisoned darts (quivered)
Armour
 b - a +0 chain mail
 h - a +0 cloak (melded)
 j - a scarf of invisibility
 r - a +0 pair of gloves (melded)
 v - +0 steam dragon scales (melded)
Jewellery
 k - an amulet of magic regeneration (around neck)
Scrolls
 c - 2 scrolls of amnesia
 d - a scroll of noise
 f - a scroll of poison {unknown}
 i - a scroll of teleportation
 m - a scroll of immolation
 s - a scroll of summoning {unknown}
 t - a scroll of torment {unknown}
 u - a scroll of identify {unknown}
Potions
 g - a potion of haste {unknown}
 l - a potion of mutation
 o - a potion of berserk rage {unknown}
Miscellaneous
 p - a piece from Xom's chessboard (12/15)


   Skills:
 + Level 10.0 Fighting
 - Level 2.0 Maces & Flails
 - Level 2.1 Armour
 - Level 0.8 Dodging
 - Level 2.1 Invocations


You had 7 spell levels left.
You didn't know any spells.
Your spell library contained the following spells:

 Spells                   Type           Power      Damage    Failure   Level
 Apportation              Tloc           0%         N/A       32%         1
 Alistair's Intoxication  Tmut/Pois      0%         N/A       100%        5


Dungeon Overview and Level Annotations

Branches:
Dungeon (5/15)             Temple (0/1) D:5

Altars:
Xom

Annotations:
D:3 exclusion: downstairs
D:4 exclusions: 2 two-headed ogres and upstairs
D:5 Menkaure


Innate Abilities, Weirdness & Mutations

You are a tree.
Your roots penetrate the ground, keeping you stationary.
You cannot be teleported.
You are immune to unholy pain and torment.
Your maximum health is greatly increased.
Your equipment is partially melded.
You cannot be hasted, slowed, berserked, paralysed or teleported.
You can dig through walls and to a lower floor.
((You have a pair of large antennae on your head. (SInv)))
Your four strong arms can wield two-handed weapons with a shield.
((Your skin changes colour to match your surroundings (Stealth+).))
Your spells are a little easier to cast, but a little less powerful.


Message History

The water moccasin bites you.
You are poisoned.
The water moccasin poisons you!
You miss the water moccasin.
The water moccasin is moderately wounded.
You feel very sick. The water moccasin bites you.
You are more poisoned.
The water moccasin poisons you!
The water moccasin bites you but does no damage.
As you read the scroll labelled BERODDI ESUMEU, it crumbles to dust.
You hear a loud clanging noise!
It was a scroll of noise.
You feel very sick.
You hear a shout!
The water moccasin barely misses you.
Menkaure points at you and mumbles some strange words.
Pain shoots through your body! The water moccasin bites you.
* * * LOW HITPOINT WARNING * * *
Space bends violently around you!
You blink.
* * * LOW HITPOINT WARNING * * *
You feel very sick.
Menkaure gestures at you while chanting.
Pain shoots through your body!
* * * LOW HITPOINT WARNING * * *
It was a potion of lignification.
You turn into a tree.
Your +0 cloak melds into your body.
Your +0 pair of gloves melds into your body.
Your +0 steam dragon scales melds into your body.
Your roots penetrate the ground.
* * * LOW HITPOINT WARNING * * *
You feel very sick.
There is a lethal amount of poison in your body!
* * * LOW HITPOINT WARNING * * *
You feel very sick.
* * * LOW HITPOINT WARNING * * *
You feel sick.
* * * LOW HITPOINT WARNING * * *
You feel sick.
You die...

########## #........# ## ##
##.##.###.###.###.#
...#.............. ##
###..##.###.###.##..#
####.#...........#.#
#..#...##.###.##...#
#.##.#.#.......#♣# ##
#.#..#...##.##.M.#...{...#######
#.##.#.#.#...#S#.#.# #...oo.<#
#.##...#...#...#... .....M##.#
#.##.#.#.#...#.#.#.## ##### #.#
#.#..#...##.##...#..# #.#
#.##.#.#....)..#.#.# #.#
...#...##.###.##...# #.#
..##.#........)..#.##### #.#


You could see a water moccasin and Menkaure.

Vanquished Creatures
  Sigmund (D:3)
  A steam dragon (D:4)
  A black bear (D:3)
  An orc priest (D:4)
  An iguana (D:4)
  Natasha (thrice) (D:4)
  3 orc wizards (D:4)
  A gnoll (D:1)
  8 adders
  An ufetubus (D:3)
  An adder zombie (D:2)
  2 worms
  4 dart slugs
  8 orcs
  4 bats
  3 bat skeletons (D:2)
  6 endoplasms
  8 giant cockroaches
  4 hobgoblins
  7 jackals (D:1)
  3 quokkas
  10 ball pythons
  2 ball python skeletons (D:2)
  3 frilled lizards
  10 goblins
  9 kobolds
  A quokka skeleton (D:2)
  7 rats
113 creatures vanquished.

Vanquished Creatures (others)
  3 withered plants (D:2)
3 creatures vanquished.

Grand Total: 116 creatures vanquished

Notes
Turn   | Place    | Note
-------+----------+-------------------------------------------
     0 | Abyss:1  | quakins the Formicid Abyssal Knight began the quest for the
                  | Orb.
     0 | Abyss:1  | Reached XP level 1. HP: 18/18 MP: 2/2
     1 | D:1      | Escaped the Abyss
   513 | D:1      | Reached XP level 2. HP: 19/25 MP: 3/3
   520 | D:1      | Reached skill level 4 in Fighting
   977 | D:1      | Reached XP level 3. HP: 30/31 MP: 4/4
  1074 | D:1      | Reached *** piety under Lugonu
  1486 | D:2      | Reached skill level 5 in Fighting
  1637 | D:2      | Reached XP level 4. HP: 39/39 MP: 5/5
  1888 | D:2      | Found a faded altar of an unknown god.
  2489 | D:3      | Reached XP level 5. HP: 45/46 MP: 6/6
  2661 | D:3      | Reached skill level 6 in Fighting
  2863 | D:3      | Noticed Sigmund
  2901 | D:3      | Killed Sigmund
  2902 | D:3      | Reached skill level 7 in Fighting
  2902 | D:3      | Reached XP level 6. HP: 44/55 MP: 7/7
  2973 | D:4      | Noticed a two-headed ogre
  2993 | D:4      | Reached **** piety under Lugonu
  3135 | D:4      | Noticed a steam dragon
  3138 | D:4      | Noticed a black bear
  3164 | D:4      | Gained mutation: Your spells are a little easier to cast,
                  | but a little less powerful. [potion of mutation]
  3164 | D:4      | Gained mutation: Your skin changes colour to match your
                  | surroundings (Stealth+). [potion of mutation]
  3521 | D:4      | Killed a steam dragon
  3522 | D:4      | Reached skill level 8 in Fighting
  3522 | D:4      | Reached XP level 7. HP: 7/63 MP: 8/8
  3813 | D:4      | Noticed Natasha
  3817 | D:4      | Killed Natasha
  3837 | D:4      | Noticed Natasha
  3854 | D:4      | Killed Natasha
  4206 | D:5      | Entered Level 5 of the Dungeon
  4305 | D:5      | Found a shimmering altar of Xom.
  4314 | D:5      | Identified the +9 sling of Cyfegul {venom, Will+ Dex+3}
  4332 | D:5      | Noticed a water moccasin
  4914 | D:3      | Reached skill level 9 in Fighting
  5284 | D:5      | Found a staircase to the Ecumenical Temple.
  5470 | D:5      | Reached XP level 8. HP: 67/70 MP: 9/9
  5498 | D:5      | Noticed Menkaure
  5526 | D:4      | Noticed Natasha
  5541 | D:4      | Killed Natasha
  5950 | D:4      | Reached skill level 10 in Fighting
  6206 | D:5      | HP: 4/108 [poisoned by a water moccasin]
  6208 | D:5      | HP: 1/108 [poisoned by a water moccasin]
  6209 | D:5      | Succumbed to a water moccasin's poison

Illustrated notes

Levels and vault maps discovered:
D:1:      sevenhm_arrival_forest_fort_large_2, layout_basic,
          hangedman_decor_peaks_small, minmay_misc_feat_roman,
          minmay_hexomino_f4
D:2:      layout_loops_cross, serial_undead, serial_undead_e, serial_undead_c,
          serial_undead_c, serial_undead_a, serial_undead_d, serial_undead_f,
          nicolae_ecumenical_pavilion
D:3:      layout_basic, minmay_pentomino_pile, uniq_terence, uniq_sigmund
D:4:      layout_cave_pools, minmay_fractal_squares_gapless_5, uniq_natasha
D:5:      layout_loops_ring, xom_butterflies, minmay_temple_entry_mini_moons,
          portal_sewer_entry_f, nicolae_concentric_dashed_squares_mild,
          chequers_arboretum, kennysheep_generic_room_11, uniq_menkaure

Skill      XL: |  1  2  3  4  5  6  7  8 |
---------------+-------------------------+-----
Fighting       | 4 5 7 8 9 10 | 10.0
Maces & Flails | |  2.0
Armour         | |  2.1
Dodging        | |  0.8
Invocations    | |  2.1

Action                   |  1- 3 |  4- 6 |  7- 9 || total
-------------------------+-------+-------+-------++-------
Melee: Mace              |   113 |   116 |   166 ||   395
       Punch             |     1 |       |     1 ||     2
 Fire: Sling             |       |       |     4 ||     4
Throw: Dart              |       |     5 |     3 ||     8
Invok: Bend Space        |       |     4 |     1 ||     5
Evoke: Piece from Xom's  |       |       |     3 ||     3
  Use: Scroll            |       |     3 |     1 ||     4
       Potion            |       |     4 |     1 ||     5
 Stab: Sleeping          |       |       |     1 ||     1
Armor: Ring mail         |    16 |       |       ||    16
       Chain mail        |    86 |    91 |   101 ||   278
       Steam dragon scal |       |       |     9 ||     9
Dodge: Dodged            |    83 |    61 |   110 ||   254
